 Dungeon Crawl Stone Soup version 0.25-a0-599-g15d2498 (webtiles) character file.

Game seed: 3349705920321071984, levelgen mode: deterministic

7 2tousent the Shield-Bearer (level 2, 20/25 HPs)
             Began as an Irit Gonger on Dec 31, 2019.
             Quit the game on level 1 of the Dungeon.
             The game lasted 00:01:50 (72 turns).

2tousent the Shield-Bearer (Irit Gonger)              Turns: 72, Time: 00:01:51

Health: 20/25      AC:  0    Str: 12    XL:     2   Next: 0%
Magic:  1/3        EV:  4    Int: 12    God:
Gold:   10         SH: 27    Dex: 12    Spells: 1/1 levels left Game modifiers: None

rFire    . . .     SeeInvis .   a - +0 mace
rCold    . . .     Gourm    .   b - +18 shield of the Gong {rElec rN+ MR+ EV-5}
rNeg     + . .     Faith    .   (no armour)
rPois    .         Spirit   +   (no helmet)
rElec    +         Reflect  .   (no cloak)
rCorr    .         Harm     .   (no gloves)
MR       +....                  (no boots)
Stlth    +.........             (no amulet)
HPRegen  0.08/turn              (no ring)
MPRegen  0.08/turn              (no ring)

@: no status effects
A: blurry vision 3, magic shield, missing an eye, blood magic
a: no special abilities


You were on level 1 of the Dungeon.
You were not hungry.

You visited 1 branch of the dungeon, and saw 1 of its levels.

You collected 10 gold pieces.

Inventory:

Hand Weapons
 a - a +0 mace (weapon)
Armour
 b - the +18 shield of the Gong (worn) {rElec rN+ MR+ EV-5}

   It affects your evasion (-5).
   It insulates you from electricity.
   It protects you from negative energy.
   It affects your resistance to hostile enchantments.
Scrolls
 e - a scroll of amnesia {unknown}
 f - a scroll of immolation {unknown}
Potions
 d - a potion of heal wounds {unknown}
Comestibles
 c - a ration


   Skills:
 + Level 2.9 Fighting
 + Level 5.1 Shields


You had one spell level left.
You didn't know any spells.
Your spell library was empty.

Dungeon Overview and Level Annotations

Branches:
Dungeon (1/15)

Altars:


Innate Abilities, Weirdness & Mutations

Scrolls take you much longer to read.
When hurt, damage is shared between your health and your magic reserves.
You are missing an eye, making it more difficult to aim.
Blood Magic: Casting spells costs health as well as magic.
Blood Magic: The effect of armour encumbrance is reduced for lower level spells.


Message History

You kill the goblin!
You hit the rat.
You kill the rat!
You block the rat's attack.
PTOANNNG!
You hear a shout!
You hear an angry hiss.
You hit the rat.
The rat is heavily wounded.
You block the rat's attack.
GONNNNG!
You block the rat's attack.
SHROANNG!
You sock the rat!
You kill the rat!
You hit the kobold.
You kill the kobold!
You have reached level 2!
Your form blurs as you shapeshift into a Irit!
Your Fighting skill decreases to level 2!
A rat comes into view.
Are you sure you want to abandon this character and quit the game? (Confirm with "yes".)

######## <......#
.......# ......##
..r##############
......#
#......)@........#
.....##
#..#######†#####.
.....####..# #.#
....##...... #.#
....# ....#
#.###†####...
...#### #..#
#........s...
...#..#
#..#######.####...
..###.#
#..........# ..#
#.# ##.#########


You could see a rat.

Vanquished Creatures
  2 giant cockroaches (D:1)
  A goblin (D:1)
  A kobold (D:1)
  3 rats (D:1)
7 creatures vanquished.

Notes
Turn   | Place    | Note
-------+----------+-------------------------------------------
     0 | D:1      | 2tousent the Hermit Crab Gonger began the quest for the
                  | Orb.
     0 | D:1      | Reached XP level 1. HP: 18/18 MP: 1/1
    71 | D:1      | Shapeshifted into a Irit.
    71 | D:1      | Reached XP level 2. HP: 20/25 MP: 1/3
    72 | D:1      | Quit the game

Levels and vault maps discovered:
D:1:      lemuel_arrival_funnel, layout_loops_ring

Skill      XL: |  1 |
---------------+----+-----
Fighting       | 2 |  2.9
Shields        | |  5.1

Action                   || total
-------------------------++-------
Melee: Mace              ||    23
Block: Shield            ||    32

Table legend:
 A = Non-vault XP
 B = Vault XP
 C = Vault XP percentage of total XP
 D = Non-vault monster count
 E = Vault monster count
 F = Vault count percentage of total count
                 A         B        C        D         E       F
            +---------+---------+-------+---------+---------+-------
      Total |      10 |       0 |   0.0 |       7 |       0 |   0.0
            +---------+---------+-------+---------+---------+-------
        D:1 |      10 |       0 |   0.0 |       7 |       0 |   0.0
            +---------+---------+-------+---------+---------+-------
